 Dungeon Crawl Stone Soup version 0.17.1-2-g5865329 (webtiles) character file.

344 Jerry the Conjurer (level 6, -1/36 HPs)
             Began as an Octopode Wizard on Feb 10, 2016.
             Engulfed by Jerry's ghost's noxious fumes (2 damage)
             ... on level 4 of the Dungeon.
             The game lasted 00:23:58 (3446 turns).

Jerry the Conjurer (Octopode Wizard)                Turns: 3446, Time: 00:23:58

Health: -1/36      AC:  6    Str:  8    XL:     6   Next: 58%
Magic:  10/10      EV: 12    Int: 20    God:
Gold:   161        SH:  0    Dex: 11    Spells: 2 memorised, 7 levels left

rFire  . . .     SeeInvis .     r - +2 dagger (protect)
rCold  + . .     Clarity  .     (no shield)
rNeg   . . .     SustAt   .     a - +0 hat
rPois  .         Gourm    .     (no amulet)
rElec  .         Spirit   .     h - ring of protection from cold
rCorr  .         Warding  .     (no ring)
rMut   .         Stasis   .     (no ring)
MR     .....                    (no ring)
Stlth  ++........               (no ring)
                                (no ring)
                                (no ring)
                                (no ring)

@: confused, not resistant to hostile enchantments, unstealthy
A: almost no armour, amphibious, 8 rings, constrict 8, camouflage 1, gelatinous
body 1
a: no special abilities


You were on level 4 of the Dungeon.
You were hungry.

You visited 2 branches of the dungeon, and saw 5 of its levels.

You collected 161 gold pieces.

Inventory:

Hand Weapons
 d - a +0 whip
 f - a +0 whip
 r - a +2 dagger of protection (weapon)
Armour
 a - a +0 hat (worn)
Jewellery
 h - a ring of protection from cold (left tentacle)
 m - a +2 ring of evasion {unknown}
Wands
 o - a wand of slowing (33)
Scrolls
 l - 3 scrolls of remove curse
 t - a scroll of teleportation {unknown}
Potions
 e - a potion of invisibility {unknown}
 g - a potion of magic {unknown}
 i - 3 potions of flight
 j - a potion of poison {unknown}
 n - a potion of haste {unknown}
 p - a potion of cancellation
 q - a potion of might {unknown}
Books
 b - a book of Minor Magic

   Spells                             Type                      Level
   a - Magic Dart                     Conjuration                  1
   b - Blink                          Translocation                2
   c - Call Imp                       Summoning                    2
   d - Repel Missiles                 Charms/Air                   2
   e - Slow                           Hexes                        2
   f - Conjure Flame                  Conjuration/Fire             3
   g - Mephitic Cloud                 Conjuration/Poison/Air       3
Comestibles
 c - 3 bread rations
 k - a meat ration
 s - a beef jerky


   Skills:
 - Level 2.0 Dodging
 - Level 3.0 Stealth
 - Level 3.0 Spellcasting
 - Level 4.0 Conjurations
   Level 1.0 Summonings
   Level 1.0 Translocations
 + Level 3.1 Air Magic
 + Level 4.0 Poison Magic


You had 7 spell levels left.
You knew the following spells:

 Your Spells              Type           Power        Failure   Level  Hunger
a - Magic Dart            Conj           ###.         2%          1    None
b - Mephitic Cloud        Conj/Pois/Air  ###.....     12%         3    ###....


Dungeon Overview and Level Annotations

Branches:
Dungeon (4/15)             Temple (1/1) D:4

Altars:
Cheibriados
Fedhas
Gozag
Kikubaaqudgha
Nemelex Xobeh
Okawaru
Sif Muna
Trog
Vehumet
Xom
Yredelemnul
Zin
The Shining One

Annotations:
D:3 Jerry's ghost, amateur OpWz
D:4 Jerry's ghost, amateur OpWz


Innate Abilities, Weirdness & Mutations

You cannot wear most types of armour.
You are amphibious.
You can wear up to eight rings at the same time.
You can use your tentacles to constrict eight enemies at once.
Your skin changes colour to match your surroundings (Stealth).
Your rubbery body absorbs attacks (AC +1).


Message History

* * * LOW HITPOINT WARNING * * *
Jerry's ghost shouts, "You will join me soon!"
Jerry's ghost stares at you and mumbles some strange words.
The ball explodes into a vile cloud!
The stinking cloud engulfs you!
The stinking cloud engulfs Jerry's ghost.
The adder bites itself but does no damage.
You are engulfed in noxious fumes.
You choke on the stench!
You are more confused.
* * * LOW HITPOINT WARNING * * *
Jerry's ghost closely misses you. The adder completely misses you.
You closely miss the adder. Your squeeze misses the adder.
The adder is moderately wounded.
You are engulfed in noxious fumes.
You choke on the stench!
You are more confused.
Jerry's ghost hits you but does no damage.
You closely miss Jerry's ghost.
Jerry's ghost is lightly damaged.
You are engulfed in noxious fumes.
You choke on the stench!
You are more confused.
You die...

#.'..≈♣≈..'...#.#<#####.#
###♣≈.≈§§♣#..........÷... #.
♣≈≈.§§♣#...#.#######.# #.
♣♣♣S♣♣♣##.##.# #.# ####.
#'####.....#######.#
.....###
#.##.##............. #....#
#....##............#
#....#######W#####.#########
#.......(ZS@.# #.# #
#....#############.# #
#..................#
#.################## #


You could see Jerry's ghost, an adder (confused) and an adder skeleton.

Vanquished Creatures
  Sigmund (D:3)
  Ijyb (D:3)
  An iguana (D:4)
  4 adders
  An ooze (D:1)
  A worm (D:2)
  An adder skeleton (D:4)
  3 giant geckos
  5 orcs
  2 giant cockroaches
  11 goblins
  12 hobgoblins
  11 jackals
  14 kobolds
  2 quokkas (D:4)
  2 ball pythons
  2 bats (D:1)
  4 giant newts
  7 rats
85 creatures vanquished.

Notes
Turn   | Place    | Note
--------------------------------------------------------------
     0 | D:1      | Jerry the Octopode Wizard began the quest for the Orb.
     0 | D:1      | Reached XP level 1. HP: 11/11 MP: 4/4
   123 | D:1      | Reached XP level 2. HP: 12/17 MP: 1/6
   440 | D:1      | Reached XP level 3. HP: 6/21 MP: 0/7
   970 | D:2      | Found an opulent altar of Gozag.
  1205 | D:2      | Reached XP level 4. HP: 18/27 MP: 1/8
  1636 | D:2      | Found an iron altar of Okawaru.
  1637 | D:2      | Found a deep blue altar of Sif Muna.
  1761 | D:2      | Reached skill level 4 in Conjurations
  1858 | D:2      | Found a snail-covered altar of Cheibriados.
  1884 | D:2      | Found a sparkling altar of Nemelex Xobeh.
  1886 | D:2      | Found a glowing silver altar of Zin.
  1894 | D:2      | Learned a level 3 spell: Mephitic Cloud
  2181 | D:2      | Reached skill level 1 in Poison Magic
  2367 | D:3      | Found a bloodstained altar of Trog.
  2725 | D:3      | Noticed Ijyb
  2739 | D:3      | Killed Ijyb
  2739 | D:3      | Reached skill level 1 in Air Magic
  2739 | D:3      | Reached XP level 5. HP: 28/31 MP: 9/9
  2748 | D:3      | Noticed Sigmund
  2760 | D:3      | Killed Sigmund
  2760 | D:3      | Reached XP level 6. HP: 20/36 MP: 1/10
  2865 | D:3      | Noticed Jerry's ghost (amateur OpWz)
  2987 | D:4      | Found a staircase to the Ecumenical Temple.
  2999 | Temple   | Entered the Ecumenical Temple
  3091 | D:4      | Noticed Jerry's ghost (amateur OpWz)
  3444 | D:4      | HP: 1/36 [Jerry's ghost] (2)]
  3446 | D:4      | Engulfed by Jerry's ghost's noxious fumes

Action                   |  1- 3 |  4- 6 || total
-------------------------+-------+-------++-------
Melee: Whip              |    51 |    19 ||    70
       Dagger            |       |    48 ||    48
 Cast: Magic Dart        |    48 |    81 ||   129
  Use: Scroll            |     1 |     4 ||     5
       Potion            |       |     1 ||     1
 Stab: Sleeping          |     1 |     2 ||     3
  Eat: Chunk             |     1 |     6 ||     7
